 Dungeon Crawl Stone Soup version 0.29.1-12-g30fa7ad0bf (webtiles) character file.

Game seed: 11771000953902640984

357449 concernfroge the Warrior (level 21, 0/177 HPs)
             Began as a Mummy Monk on Dec 17, 2022.
             Was an Elder of Ashenzari.
             Slain by a dire elephant (35 damage)
             ... on level 4 of the Vaults.
             The game lasted 04:47:35 (45823 turns).

concernfroge the Warrior (Mummy Monk)              Turns: 45823, Time: 04:47:36

Health: 0/177      AC: 26    Str: 22    XL:     21   Next: 41%
Magic:  21/21      EV: 12    Int: 11    God:    Ashenzari [****..]
Gold:   519        SH: 15    Dex: 16    Spells: 20/20 levels left

rFire   + + .      SeeInvis +   a - +3 broad axe (vorpal)
rCold   + + .      Faith    .   V - +1 kite shield of Ashenzari's Gloom {rF+, Evo, Range} (curse)
rNeg    + + +      Spirit   .   d - +6 plate armour {rF+}
rPois   ∞          Reflect  .   p - -2 hat of the Alchemist {rElec rPois rF+ rC+ rN+ Will+ rMut rCorr}
rElec   +          Harm     .   j - scarf "Prophetic Oracle" {repulsion, Evo, Cun} (curse)
rCorr   +          Rampage  .   r - +1 pair of gloves of the Chained Suspicion {Fort, Melee} (curse)
rMut    +          Clarity  +   f - +1 pair of boots of the Mantic Repose {Self, Alch} (curse)
Will    ++++.                   g - amulet of regeneration
Stlth   ..........              C - ring "Circumscribed With Me" {Slay+4, Evo, Range} (curse)
HPRegen 1.19/turn               G - ring of the Mantic Yoke {Will+, Comp, Melee} (curse)
MPRegen 0.17/turn

@: repel missiles
A: cold resistance 1, negative energy resistance 3, torment resistance 2, heat
vulnerability 1, in touch with death 2, no potions
}: 2/15 runes: decaying, serpentine
a: Renounce Religion, Curse Item, Shatter the Chains


You were on level 4 of the Vaults.
You worshipped Ashenzari.
Ashenzari was greatly pleased with you.
You visited 8 branches of the dungeon, and saw 37 of its levels.
You visited the Abyss 2 times.
You also visited: Gauntlet.

You collected 4775 gold pieces.
You spent 4256 gold pieces at shops.

Inventory:

Hand Weapons
 a - a +3 vorpal broad axe (weapon)
 b - a +1 antimagic demon trident
 l - a +1 demon whip of electrocution
Missiles
 e - a boomerang
 o - 9 silver javelins
 q - 36 poisoned darts (quivered)
 z - 10 javelins
 B - a throwing net
 E - 4 silver boomerangs
 N - 10 atropa-tipped darts
 S - 25 stones
Armour
 d - a +6 plate armour of fire resistance (worn)
 f - the cursed +1 pair of boots of the Mantic Repose (worn) {Self, Alch}
   (You found it on level 9 of the Dungeon)

   It has a curse which improves the following skills: Introspection: Fighting
   and Spellcasting.
   Alchemy:   Poison Magic and Transmutations.
 j - the cursed scarf "Prophetic Oracle" (worn) {repulsion, Evo, Cun}
   (You found it on level 5 of the Dungeon)

   It has a curse which improves the following skills: Evocations: Evocations.
   Cunning:   Dodging and Stealth.
 p - the -2 hat of the Alchemist (worn) {rElec rPois rF+ rC+ rN+ Will+ rMut rCorr}
   (You bought it in a shop on level 1 of the Elven Halls)

   rF:        It protects you from fire.
   rC:        It protects you from cold.
   rElec:     It insulates you from electricity.
   rPois:     It protects you from poison.
   rN:        It protects you from negative energy.
   rCorr:     It protects you from acid and corrosion.
   rMut:      It protects you from mutation.
   Will:      It increases your willpower.
 r - the cursed +1 pair of gloves of the Chained Suspicion (worn) {Fort, Melee}
   (You found it on level 1 of the Lair of Beasts)

   It has a curse which improves the following skills: Fortitude: Armour and
   Shields.
   Melee Combat: Short Blades, Long Blades, Axes, Maces & Flails, Polearms,
   Staves and Unarmed Combat.
 F - a +2 cloak of preservation
 V - the cursed +1 kite shield of Ashenzari's Gloom (worn) {rF+, Evo, Range}
   (You took it off a naga warrior on level 4 of the Snake Pit)

   It has a curse which improves the following skills: Evocations: Evocations.
   Ranged Combat: Ranged Weapons and Throwing.
Jewellery
 g - an amulet of regeneration (around neck)
 s - an amulet of the acrobat
 x - a ring of protection from cold
 C - the cursed ring "Circumscribed With Me" (left hand) {Slay+4, Evo, Range}
   (You bought it in a shop on level 12 of the Dungeon)

   [ring of slaying]

   Slay:      It affects your accuracy & damage with ranged weapons and melee
   (+4).
   It has a curse which improves the following skills: Evocations: Evocations.
   Ranged Combat: Ranged Weapons and Throwing.
 G - the cursed ring of the Mantic Yoke (right hand) {Will+, Comp, Melee}
   (You found it on level 4 of the Swamp)

   [ring of willpower]

   Will:      It increases your willpower.
   It has a curse which improves the following skills: Companions: Summonings
   and Necromancy.
   Melee Combat: Short Blades, Long Blades, Axes, Maces & Flails, Polearms,
   Staves and Unarmed Combat.
 U - the amulet "Festro" {Acrobat rElec rPois}
   (You bought it in a shop on level 12 of the Dungeon)

   [amulet of the acrobat]

   It increases your evasion while moving and waiting.
   rElec:     It insulates you from electricity.
   rPois:     It protects you from poison.
Wands
 i - a wand of flame (55)
 t - a wand of acid (1)
 y - a wand of digging (14)
 A - a wand of mindburst (1)
 M - a wand of iceblast (7)
 T - a wand of polymorph (2)
Scrolls
 c - 5 scrolls of teleportation
 h - 2 scrolls of magic mapping
 k - 2 scrolls of blinking
 n - 5 scrolls of silence
 H - 5 scrolls of vulnerability
 I - 3 scrolls of fear
 J - 5 scrolls of noise
 L - a scroll of torment
 P - 2 scrolls of butterflies
 Q - a scroll of poison
 R - a scroll of amnesia
Miscellaneous
 m - a phantom mirror
 u - a tin of tremorstones (inert)
 v - a box of beasts (inert)
 w - a condenser vane


   Skills:
 - Level 16.1(18.0) Fighting
 - Level 15.0(18.0) Axes
 - Level 2.4(10.9) Polearms
 - Level 13.1(16.0) Throwing
 + Level 14.4(16.3) Armour
 - Level 10.0(12.0) Dodging
 - Level 1.5(2.9) Stealth
 + Level 14.4(16.3) Shields
 - Level 11.1(15.0) Evocations


You had 20 spell levels left.
You didn't know any spells.
Your spell library contained the following spells:

 Spells                   Type           Power      Damage    Failure   Level
 Apportation              Tloc           0%         N/A       99%         1
 Foxfire                  Conj/Fire      0%         2x1d4     99%         1
 Necrotise                Necr           4%         1d4       99%         1
 Sandblast                Erth           0%         2d4       99%         1
 Summon Small Mammal      Summ           0%         N/A       99%         1
 Passwall                 Tmut/Erth      0%         N/A       100%        2
 Conjure Flame            Conj/Fire      0%         6-21      100%        3
 Frozen Ramparts          Ice            0%         1d1       100%        3
 Gell's Gravitas          Tloc           0%         N/A       100%        3
 Inner Flame              Hex/Fire       0%         N/A       100%        3
 Ozocubu's Armour         Ice            0%         N/A       100%        3
 Teleport Other           Tloc           0%         N/A       100%        3
 Flame Wave               Conj/Fire      0%         2d4       100%        4
 Hailstorm                Conj/Ice       0%         3d3       100%        4
 Summon Ice Beast         Ice/Summ       0%         N/A       100%        4
 Freezing Cloud           Conj/Ice/Air   0%         6-21      100%        5
 Irradiate                Conj/Tmut      0%         3d11      100%        5
 Metabolic Englaciation   Hex/Ice        0%         N/A       100%        5
 Dispersal                Tloc           0%         N/A       100%        6
 Simulacrum               Ice/Necr       0%         N/A       100%        6
 Ozocubu's Refrigeration  Ice            0%         4d7       100%        7
 Summon Hydra             Summ           0%         N/A       100%        7
 Lehudib's Crystal Spear  Conj/Erth      0%         10d2      100%        8
 Polar Vortex             Ice            0%         N/A       100%        9
 Sublimation of Blood     Necr           Unusable   N/A       N/A         2
 Wereblood                Tmut           Unusable   N/A       N/A         2
 Ice Form                 Ice/Tmut       Unusable   N/A       N/A         4
 Blade Hands              Tmut           Unusable   N/A       N/A         5
 Statue Form              Tmut/Erth      Unusable   N/A       N/A         6
 Dragon Form              Tmut           Unusable   N/A       N/A         7

Dungeon Overview and Level Annotations

Branches:
Dungeon (15/15)            Temple (1/1) D:4            Lair (5/5) D:10
  Swamp (4/4) Lair:3        Snake (4/4) Lair:3        Slime (0/5) Lair:5
    Orc (2/2) D:12            Elf (2/3) Orc:2        Vaults (4/5) D:13
  Crypt (0/3) Vaults:3     Depths (0/4) D:15        Gauntlet (visited)

Altars:
Ashenzari
Cheibriados
Dithmenos
Fedhas
Gozag
Hepliaklqana
Kikubaaqudgha
Makhleb
Nemelex Xobeh
Okawaru
Qazlal
Ru
Sif Muna
Trog
Uskayaw
Vehumet
Wu Jian
Xom
Yredelemnul
Jiyva

Shops:
D:12 ==   Orc:2 (!((   Elf:1 *   Elf:2 !   Snake:2 ?(   Vaults:1 *   Vaults:2 !
Vaults:3 *

Annotations:
Elf:1 9 runed translucent doors, wjchen's ghost, adept MiFi
Vaults:2 Mennas


Innate Abilities, Weirdness & Mutations

You are immune to poison.
Your flesh is cold resistant. (rC+)
You are immune to negative energy. (rN+++)
You are immune to unholy pain and torment.
You are vulnerable to heat. (rF-)
You are strongly in touch with the powers of death.
You do not drink.


Message History

The dire elephant trunk-slaps you but does no damage.
You slice the dire elephant!!
The dire elephant is heavily wounded.
You hit the dire elephant but do no damage.
The dire elephant is heavily wounded.
The dire elephant completely misses you.
The dire elephant trunk-slaps you.
You slice the dire elephant!!
The dire elephant is almost dead.
You slice the dire elephant!!
The dire elephant tramples you but does no damage.
The dire elephant trunk-slaps you!
You block the dire elephant's attack. x2
You hit the dire elephant but do no damage.
The dire elephant is almost dead.
You slash the dire elephant! The dire elephant tramples you!
You stumble backwards!
You hit the dire elephant.
The dire elephant is almost dead.
You hit the dire elephant but do no damage.
You block the dire elephant's attack. The dire elephant trunk-slaps you!
You block the dire elephant's attack. The dire elephant closely misses you.
You slash the dire elephant!
The dire elephant is almost dead.
You slash the dire elephant! You hit the dire elephant.
The dire elephant is almost dead.
You slash the dire elephant! The dire elephant misses you.
The dire elephant trunk-slaps you! The dire elephant tramples you!!
* * * LOW HITPOINT WARNING * * *
You hold your ground!
You block the dire elephant's attack.
You cut the dire elephant into ribbons!!!
The dire elephant is severely wounded.
You hit the dire elephant.
You kill the dire elephant!
You block the dire elephant's attack. The dire elephant trunk-slaps you!
* * * LOW HITPOINT WARNING * * *
You slash the dire elephant!
The dire elephant is almost dead.
The dire elephant tramples you!!
You die...

, * .......#
########.... , *#......#
#.... , , #......# #....
* #......# #.... ,
#..)...## #.... , *
##'############...# , *,
##.†.#...#...##...# , ,
* ##†Y.........##...#
,,, ##@..#...#...##...#
, ###.###.###.###...#
*****##...#...#...##...#
** * , ,
#...#...#...##...# *,,,
, #...#...#...##...# *,
* ,, ##.###.###.###...#
, , ...#...#...##...# ,,
* ...........##...#
**,+...#...#...##...#


You could see a dire elephant (strong).

Vanquished Creatures
  Vashnia (Snake:2)
  A shard shrike zombie (Abyss:3)
  Jorgrun (Swamp:2)
  An iron giant (Vaults:2)
  Rupert (D:13)
  A titan (Vaults:3)
  Asterion (Elf:1)
  A deep elf blademaster (Elf:2)
  An Executioner (Abyss:3)
  Gastronok (Lair:1)
  3 tentacled starspawn
  2 sphinxes (Vaults:1)
  A tengu reaver (Vaults:3)
  3 thorn hunters
  Kirke (Snake:4)
  Donald (Vaults:2)
  6 nagarajas
  Roxanne (D:15)
  A fenstrider witch (Swamp:4)
  Aizul (Snake:2)
  Louise (Snake:4)
  3 orc warlords
  2 deep elf sorcerers
  A ghost moth (Abyss:2)
  2 frost giants (Vaults:4)
  2 angels (Elf:2)
  10 vault wardens
  6 very ugly things
  A war gargoyle (Vaults:2)
  3 ironbound thunderhulks (Vaults:2)
  14 ironbound preservers
  A stone giant (Vaults:4)
  The ghost of TarVian the Fencer, a journeyman MiFi of Qazlal (Orc:1)
  5 deep elf demonologists
  9 bunyips
  A minotaur (Gauntlet)
  7 eleionomae
  An entropy weaver (Vaults:3)
  9 dire elephants
  4 yaktaur captains
  6 vault guards
  Erolcha (Orc:1)
  2 deep elf high priests
  8 great orbs of eyes
  2 shambling mangroves (Swamp:4)
  15 hydras
  6 boulder beetles
  6 ghost crabs
  A salamander tyrant (Snake:4)
  3 ogre magi
  A peacekeeper (Vaults:3)
  A catoblepas (Lair:5)
  Harold (Lair:1)
  8 ironbound frosthearts
  7 alligators
  19 two-headed ogres
  14 centaur warriors
  11 naga warriors
  A deep troll shaman (Lair:5)
  4 tengu warriors
  14 anacondas
  9 death yaks (Lair:5)
  23 dancing weapons
  A hell hog (Abyss:3)
  A thrashing horror (Abyss:2)
  2 spriggan berserkers (Swamp:2)
  10 shock serpents
  19 deep elf knights
  Urug (D:13)
  15 naga sharpshooters
  Amaemon (Lair:1)
  3 goliath frogs
  3 salamander mystics (Snake:4)
  A death drake (shapeshifter) (Elf:2)
  2 sixfirhies
  A wretched star (Abyss:3)
  14 sea snakes
  42 deep trolls
  A spatial maelstrom (Abyss:3)
  12 swamp dragons
  3 spriggan druids (Swamp:4)
  A glowing orange brain (shapeshifter) (Vaults:1)
  4 naga ritualists
  7 wizards
  8 bog bodies
  12 lindwurms
  Pikel (D:6)
  A harpy (shapeshifter) (D:13)
  14 ironbound convokers
  5 orc sorcerers
  8 deep elf archers
  2 orc knights
  A necromancer (D:15)
  29 deep elf zephyrmancers
  8 mana vipers
  17 deep elf pyromancers
  9 cyclopes
  2 will-o-the-wisps
  3 manticores
  An oklob plant (D:13)
  19 ugly things
  2 moths of wrath (Orc:1)
  14 salamanders
  13 elephants
  17 naga magi
  11 guardian serpents
  38 black mambas
  An orange demon (Lair:1)
  16 vault sentinels
  3 centaur skeletons
  Maggie (D:8)
  12 cane toads
  An unseen horror (shapeshifter) (Elf:2)
  17 yaktaurs
  3 kobold demonologists (D:13)
  2 rime drakes
  2 freezing wraiths
  An efreet (D:14)
  8 komodo dragons
  3 ancient zymes (Abyss:2)
  6 polar bears
  2 bloated husks
  3 meliai (D:15)
  15 hornets
  A queen bee (D:15)
  15 trolls
  7 tyrant leeches
  A tarantella (shapeshifter) (D:13)
  13 blink frogs
  18 slime creatures
  A culicivora (Vaults:3)
  The ghost of xian the Trooper, an amateur OgAK of Lugonu (D:4)
  2 air elementals
  2 water elementals (Elf:2)
  4 wraiths
  10 spriggans
  2 vampires
  40 yaks
  5 shadows
  4 hogs (Snake:4)
  16 humans (D:13)
  3 basilisks
  A neqoxec (Abyss:3)
  3 wyverns
  5 vampire mosquitoes
  2 steam dragons
  A chaos spawn (Abyss:2)
  2 fire elementals (Elf:1)
  2 redbacks (Vaults:3)
  16 swamp worms
  5 wargs
  10 water moccasins
  A hell hound (Abyss:2)
  38 nagas
  5 large abominations
  23 orc warriors
  2 black bears
  A hornet zombie (D:15)
  15 swamp drakes
  5 ice beasts
  The ghost of venomsnake the Chopper, an amateur MiBe of Trog (D:3)
  21 ogres
  20 wolves
  2 phantoms (D:4)
  12 centaurs
  3 kobold brigands
  2 necrophages (D:6)
  2 scorpions
  5 earth elementals
  11 bullfrogs
  A gnoll sergeant (D:13)
  4 small abominations
  18 wights
  30 killer bees
  2 howler monkeys (D:6)
  2 electric eels (Lair:2)
  A quasit (Abyss:2)
  4 hounds
  6 jellies
  18 orc priests
  3 iron imps (Gauntlet)
  4 iguanas
  4 hell rats (Lair:4)
  19 orc wizards
  6 ogre zombies (D:12)
  16 gnolls
  4 adders
  A shadow imp (D:8)
  2 white imps (Abyss:2)
  An ufetubus (D:7)
  2 worms
  5 dart slugs
  80 orcs
  5 ball pythons
  19 endoplasms
  A giant cockroach (D:1)
  3 goblins
  4 hobgoblins
  3 jackals (D:2)
  20 kobolds
  3 quokkas
  4 bats
  2 goblin skeletons (D:12)
  2 goblin zombies (D:12)
  A hobgoblin skeleton (D:12)
  3 hobgoblin zombies (D:12)
  11 orc zombies (D:12)
  23 rats
  12 briar patches
1461 creatures vanquished.

Vanquished Creatures (collateral kills)
  A vault warden (Vaults:3)
  An ironbound preserver (Vaults:3)
  Nessos (D:14)
  A deep elf annihilator (Elf:2)
  A dire elephant (Vaults:2)
  A yaktaur captain (Vaults:4)
  A hydra (Swamp:3)
  A salamander tyrant (Snake:3)
  An ironbound frostheart (Vaults:2)
  2 naga warriors (Snake:3)
  A two-headed ogre (D:15)
  A shock serpent (Snake:3)
  A salamander mystic (Snake:2)
  3 deep trolls (Vaults:3)
  A bog body (Swamp:3)
  A manticore (D:14)
  An ugly thing (Vaults:3)
  A salamander (Snake:3)
  A vault sentinel (Vaults:4)
  A naga mage (Snake:3)
  An efreet (D:14)
  A yaktaur (Vaults:3)
  A slime creature (D:14)
  2 nagas
  An ogre (D:15)
29 creatures vanquished.

Vanquished Creatures (others)
  Nikola (Swamp:3)
  A wizard (D:14)
  A swamp dragon (Swamp:4)
  A bloated husk (Swamp:2)
  2 tyrant leeches (Swamp:4)
  2 humans (Snake:4)
  An orc warrior (Elf:1)
  A swamp drake (Swamp:4)
  3 kobolds (D:4)
  A briar patch (Swamp:2)
  12 foxfires
  43 fungi
  112 plants
  4 starspawn tentacles
  2 withered plants (D:3)
187 creatures vanquished.

Grand Total: 1677 creatures vanquished

Notes
Turn   | Place    | Note
-------+----------+-------------------------------------------
     0 | D:1      | concernfroge the Mummy Monk began the quest for the Orb.
     0 | D:1      | Reached XP level 1. HP: 18/18 MP: 1/1
   272 | D:1      | Reached XP level 2. HP: 24/24 MP: 2/2
   611 | D:1      | Reached skill level 4 in Fighting
   827 | D:2      | Gained mutation: You are in touch with the powers of death.
                  | [Mummy growth]
   827 | D:2      | Reached XP level 3. HP: 20/30 MP: 3/3
  1972 | D:3      | Reached skill level 5 in Fighting
  1972 | D:3      | Reached XP level 4. HP: 34/39 MP: 4/4
  2647 | D:3      | Found a runed translucent door.
  2651 | D:3      | Noticed venomsnake's ghost (amateur MiBe)
  2933 | D:4      | Found a runed translucent gate.
  2934 | D:4      | Found a runed translucent gate.
  2951 | D:4      | Reached XP level 5. HP: 46/46 MP: 5/5
  3163 | D:4      | Noticed a phantom
  3169 | D:4      | Killed a phantom
  3170 | D:4      | Reached skill level 6 in Fighting
  3172 | D:4      | Found a runed translucent gate.
  3172 | D:4      | Noticed xian's ghost (amateur OgAK)
  3376 | D:4      | Found a staircase to the Ecumenical Temple.
  3388 | Temple   | Entered the Ecumenical Temple
  3517 | Temple   | Became a worshipper of Ashenzari the Shackled
  3600 | D:4      | Reached * piety under Ashenzari
  3600 | D:4      | Reached ** piety under Ashenzari
  3621 | D:5      | Entered Level 5 of the Dungeon
  3680 | D:4      | Reached XP level 6. HP: 38/56 MP: 6/6
  3777 | D:4      | Reached skill level 7 in Fighting
  4135 | D:4      | Found a hide-covered altar of Uskayaw.
  4142 | D:4      | Found a basalt altar of Yredelemnul.
  4417 | D:4      | HP: 2/57 [wight/+4 trident (11)]
  4784 | D:4      | Reached skill level 8 in Fighting
  4784 | D:4      | Reached XP level 7. HP: 50/64 MP: 7/7
  5249 | D:5      | Reached skill level 9 in Fighting
  6970 | D:5      | Reached XP level 8. HP: 28/72 MP: 8/8
  6992 | D:5      | Reached skill level 10 in Fighting
  7040 | D:5      | Reached skill level 1 in Axes
  7657 | D:6      | Noticed Pikel
  7667 | D:6      | Killed Pikel
  7668 | D:6      | Reached skill level 5 in Axes
  7668 | D:6      | Reached XP level 9. HP: 54/78 MP: 9/9
  9107 | D:7      | Found a sparkling altar of Nemelex Xobeh.
  9116 | D:7      | Found a shimmering altar of Xom.
  9580 | D:8      | Noticed Maggie
  9587 | D:8      | Killed Maggie
  9910 | D:8      | Reached XP level 10. HP: 81/85 MP: 10/10
 10387 | D:8      | HP: 2/85 [yak (13)]
 10892 | D:8      | Reached skill level 10 in Axes
 11487 | D:9      | Noticed a two-headed ogre
 11831 | D:8      | HP: 1/85 [two-headed ogre/+0 giant club (35)]
 11833 | D:8      | Killed a two-headed ogre
 12102 | D:9      | Found a bloodstained altar of Trog.
 12206 | D:9      | Noticed a two-headed ogre
 12213 | D:9      | Killed a two-headed ogre
 12425 | D:10     | Entered Level 10 of the Dungeon
 12465 | D:10     | Found a staircase to the Lair.
 12550 | D:10     | Noticed a centaur warrior
 12587 | D:10     | Noticed a two-headed ogre
 12595 | D:10     | Reached XP level 11. HP: 61/90 MP: 11/11
 12595 | D:10     | Killed a two-headed ogre
 12637 | D:10     | Killed a centaur warrior
 13429 | D:11     | Found a gate leading to a gauntlet.
 13501 | Gauntlet | Entered a Gauntlet
 13501 | Gauntlet | Found a transporter.
 13501 | Gauntlet | Found a transporter.
 13505 | Gauntlet | Found a transporter.
 13505 | Gauntlet | Found a transporter.
 13511 | Gauntlet | Noticed a green death
 13514 | Gauntlet | Found a transporter.
 13520 | Gauntlet | Noticed a death scarab
 13529 | Gauntlet | Noticed a necromancer
 13532 | Gauntlet | Noticed a death yak
 13532 | Gauntlet | Noticed a death yak
 13533 | Gauntlet | Found a transporter.
 13535 | Gauntlet | Identified a scroll of acquirement
 13535 | Gauntlet | Noticed a death yak
 13536 | Gauntlet | Noticed a death yak
 13538 | Gauntlet | Noticed a death yak
 13540 | Gauntlet | Noticed a death yak
 13541 | Gauntlet | Found a transporter.
 13541 | Gauntlet | Identified the ring "Wemiucus" {Fly rCorr Int+4 Dex+5 SInv}
 13542 | Gauntlet | Identified the +1 hat of Subjectivity {rF+ Str+4 Dex+3}
 13543 | Gauntlet | Found a transporter.
 13543 | Gauntlet | Found a transporter.
 13547 | Gauntlet | Found a transporter.
 13550 | Gauntlet | Noticed a hell hog
 13583 | Gauntlet | Found a transporter.
 13583 | Gauntlet | Identified the ring of Woxi {Fly rN+ Str+4}
 13603 | Gauntlet | Found a transporter.
 13607 | Gauntlet | Found a large runed translucent door.
 13608 | Gauntlet | Found a large runed translucent door.
 13609 | Gauntlet | Found a large runed translucent door.
 13609 | Gauntlet | Found a large runed translucent door.
 13609 | Gauntlet | Found a large runed translucent door.
 13647 | Gauntlet | Found a transporter.
 13652 | Gauntlet | Noticed a death scarab
 13661 | Gauntlet | Found a transporter.
 13761 | Gauntlet | Found a transporter.
 13763 | Gauntlet | Found a large runed translucent door.
 13764 | Gauntlet | Found a large runed translucent door.
 13765 | Gauntlet | Found a runed translucent door.
 13765 | Gauntlet | Found a runed translucent door.
 13765 | Gauntlet | Found a large runed translucent door.
 13765 | Gauntlet | Found a large runed translucent door.
 13766 | Gauntlet | Found a large runed translucent door.
 13769 | Gauntlet | Found a large runed translucent door.
 13769 | Gauntlet | Found a large runed translucent door.
 13771 | Gauntlet | Found a large runed translucent door.
 13771 | Gauntlet | Found a large runed translucent door.
 13771 | Gauntlet | Found a large runed translucent door.
 13773 | Gauntlet | Found a runed translucent gate.
 13773 | Gauntlet | Found a runed translucent gate.
 13773 | Gauntlet | Found a runed translucent gate.
 13775 | Gauntlet | Found a transporter.
 13775 | Gauntlet | Noticed a dire elephant
 13775 | Gauntlet | Identified the +0 pair of gloves of the Hidden Vale {-Cast
                  | Harm Rampage Dex+5}
 13786 | Gauntlet | Found a large runed translucent door.
 13997 | Gauntlet | Acquired 537 gold pieces
 14071 | Gauntlet | Identified the +1 shortbow of the Chain {vorpal, rN++ Will+
                  | Int-5 Stlth+}
 14071 | Gauntlet | Noticed a minotaur
 14079 | Gauntlet | Killed a minotaur
 14812 | D:11     | Reached *** piety under Ashenzari
 14866 | Lair:1   | Entered Level 1 of the Lair of Beasts
 14867 | Lair:1   | Noticed Gastronok
 14886 | Lair:1   | Killed Gastronok
 14898 | Lair:1   | Reached **** piety under Ashenzari
 14908 | Lair:1   | Noticed Amaemon
 14921 | Lair:1   | Killed Amaemon
 14922 | Lair:1   | Reached skill level 1 in Throwing
 14989 | Lair:1   | Reached skill level 1 in Armour
 14989 | Lair:1   | Reached skill level 1 in Evocations
 15217 | Lair:1   | Reached XP level 12. HP: 80/102 MP: 12/12
 15656 | Lair:1   | Noticed Harold
 15665 | Lair:1   | Killed Harold
 15818 | Lair:2   | Noticed an eight-headed hydra
 15823 | Lair:2   | Killed an eight-headed hydra
 16096 | Lair:2   | Reached skill level 5 in Throwing
 16226 | Lair:2   | Noticed a five-headed hydra
 16304 | Lair:2   | Killed a five-headed hydra
 16862 | Lair:3   | Found a staircase to the Swamp.
 17083 | Lair:3   | Found a staircase to the Snake Pit.
 17241 | Lair:3   | Reached ***** piety under Ashenzari
 17359 | Lair:3   | Identified the +5 falchion of the Special Shrikes {holy,
                  | Dex+3}
 17807 | Lair:4   | Gained mutation: You are strongly in touch with the powers
                  | of death. [Mummy growth]
 17807 | Lair:4   | Reached XP level 13. HP: 108/108 MP: 13/13
 17954 | Lair:4   | Reached skill level 5 in Dodging
 18514 | Lair:5   | Entered Level 5 of the Lair of Beasts
 18693 | Lair:5   | Found a staircase to the Slime Pits.
 18693 | Lair:5   | Found a viscous altar of Jiyva.
 19147 | Lair:5   | Reached skill level 5 in Armour
 19147 | Lair:5   | Reached skill level 5 in Shields
 19656 | Lair:5   | Reached XP level 14. HP: 83/114 MP: 14/14
 19751 | Lair:5   | Found the +8 Vampire's Tooth {vamp}
 20258 | D:4      | Killed xian's ghost
 20328 | D:3      | Killed venomsnake's ghost
 20769 | D:12     | Found a staircase to the Orcish Mines.
 20899 | D:12     | Found a sacrificial altar of Ru.
 21077 | D:12     | Found Bytoudy's Jewellery Emporium.
 21082 | D:12     | Found Hilas's Jewellery Emporium.
 21090 | D:12     | Bought a +4 ring of slaying for 1092 gold pieces
 21436 | Orc:1    | Entered Level 1 of the Orcish Mines
 21505 | Orc:1    | Found a transporter.
 21505 | Orc:1    | Found a transporter.
 21506 | Orc:1    | Noticed an orc warlord
 21596 | Orc:1    | Found a bloodstained altar of Trog.
 21613 | Orc:1    | Noticed TarVian's ghost (journeyman MiFi)
 21648 | Orc:1    | Noticed an orc warlord
 21665 | Orc:1    | Killed an orc warlord
 21879 | Orc:2    | Entered Level 2 of the Orcish Mines
 21879 | Orc:2    | Found a staircase to the Elven Halls.
 22171 | Orc:2    | Noticed an orc warlord
 22316 | Orc:2    | Reached skill level 5 in Evocations
 22325 | Orc:2    | Noticed Erolcha
 22485 | Orc:1    | Killed Erolcha
 22700 | Orc:2    | Killed an orc warlord
 22832 | Orc:2    | Found Loilauz's Distillery.
 22861 | Orc:2    | Reached skill level 10 in Throwing
 22977 | Orc:2    | Found Jaih Kie's Antique Weapon Shop.
 22977 | Orc:2    | Found Nounof's Antique Weapon Emporium.
 23031 | Orc:2    | Found Xaipag's Weapon Boutique.
 23039 | Orc:2    | Bought 4 silver javelins for 124 gold pieces
 23267 | Orc:1    | Killed an orc warlord
 23268 | Orc:1    | Reached XP level 15. HP: 63/120 MP: 4/15
 23288 | Orc:1    | Killed TarVian's ghost
 23450 | D:13     | Noticed Rupert
 23450 | D:13     | Noticed Urug
 23450 | D:13     | Found a gate to the Vaults.
 23453 | D:13     | Killed Urug
 23454 | D:13     | Killed Rupert
 24122 | Abyss:2  | Cast into level 2 of the Abyss (a wizard)
 24211 | Abyss:2  | Noticed a tentacled starspawn
 24217 | Abyss:2  | Killed a tentacled starspawn
 24363 | Abyss:2  | Noticed an Executioner
 24419 | D:14     | Escaped the Abyss
 24608 | D:14     | Noticed Nessos
 24627 | D:14     | Killed Nessos
 24902 | D:14     | Reached skill level 15 in Axes
 25103 | D:15     | Entered Level 15 of the Dungeon
 25276 | D:15     | Reached skill level 11 in Fighting
 25393 | D:15     | Identified Roxanne's Tome of Metal
 25393 | D:15     | Noticed Roxanne
 25433 | D:15     | Killed Roxanne
 25574 | D:15     | Reached XP level 16. HP: 97/131 MP: 16/16
 25658 | D:15     | Found a stormy altar of Qazlal.
 25693 | D:15     | Identified the +2 ring mail of Rehietee {rC+}
 25962 | D:15     | Found a staircase to the Depths.
 25985 | D:15     | Reached skill level 12 in Fighting
 26143 | Snake:1  | Entered Level 1 of the Snake Pit
 26729 | Snake:2  | Reached skill level 13 in Fighting
 26995 | Snake:2  | Identified the +4 war axe "Tormentor" {antimagic, Drain rF+
                  | Int+9}
 27106 | Snake:2  | Found Idoppi Guyt's Magic Scroll Shoppe.
 27112 | Snake:2  | Found Zohot's Weapon Emporium.
 27114 | Snake:2  | Bought a scroll of brand weapon for 133 gold pieces
 27114 | Snake:2  | Bought a scroll of summoning for 133 gold pieces
 27114 | Snake:2  | Bought a scroll of torment for 133 gold pieces
 27114 | Snake:2  | Bought a scroll of enchant armour for 105 gold pieces
 27129 | Snake:2  | Noticed Aizul
 27145 | Snake:2  | Killed Aizul
 27162 | Snake:2  | Noticed Vashnia
 27206 | Snake:2  | Killed Vashnia
 28598 | Snake:3  | Reached XP level 17. HP: 140/142 MP: 17/17
 28920 | Swamp:1  | Entered Level 1 of the Swamp
 29159 | Swamp:1  | Identified the Vellum of Igneous Glaciation
 29295 | Swamp:1  | Reached skill level 10 in Armour
 29303 | Swamp:1  | Reached skill level 10 in Shields
 30060 | Swamp:2  | Noticed Jorgrun
 30073 | Swamp:2  | Killed Jorgrun
 30735 | Swamp:3  | Noticed Nikola
 30759 | Swamp:3  | Killed Nikola
 31324 | Swamp:4  | Entered Level 4 of the Swamp
 32143 | Swamp:4  | Reached XP level 18. HP: 122/149 MP: 18/18
 32773 | Swamp:4  | Got a decaying rune of Zot
 33000 | Snake:4  | Entered Level 4 of the Snake Pit
 33184 | Snake:2  | Bought 7 stones for 9 gold pieces
 33184 | Snake:2  | Bought 5 stones for 7 gold pieces
 33673 | D:12     | Bought the amulet "Festro" {Acrobat rElec rPois} for 626
                  | gold pieces
 33921 | Snake:4  | Noticed Kirke
 33930 | Snake:4  | Killed Kirke
 34069 | Snake:4  | Noticed Louise
 34091 | Snake:4  | Killed Louise
 35089 | Snake:4  | Got a serpentine rune of Zot
 35447 | Elf:1    | Entered Level 1 of the Elven Halls
 35689 | Elf:1    | Reached skill level 14 in Fighting
 35924 | Elf:1    | Identified the +6 shortbow of Guile {flame, rF+ Int+4}
 36040 | Elf:1    | Noticed Asterion
 36050 | Elf:1    | Killed Asterion
 36051 | Elf:1    | Reached XP level 19. HP: 155/157 MP: 19/19
 36206 | Elf:1    | Found a runed translucent gate.
 36206 | Elf:1    | Found a runed translucent gate.
 36207 | Elf:1    | Found a runed translucent gate.
 36210 | Elf:1    | Noticed wjchen's ghost (adept MiFi)
 36218 | Elf:1    | Identified the ring of Sewe {rElec EV+4}
 36219 | Elf:1    | Identified the Omnibus of Unholy Evolution
 36601 | Elf:1    | Identified the +7 flail "Ycleawk" {vorpal, rN+}
 36611 | Elf:1    | Identified the +5 battleaxe "Lerresh" {pain, rElec rC+}
                  | (You took it off a deep elf demonologist on level 1 of the
                  | Elven Halls)
 36613 | Elf:1    | Reached skill level 15 in Fighting
 36620 | Elf:1    | Found a runed translucent gate.
 36620 | Elf:1    | Found a runed translucent gate.
 36620 | Elf:1    | Found a runed translucent gate.
 36620 | Elf:1    | Found a runed translucent gate.
 36620 | Elf:1    | Found a runed translucent gate.
 36622 | Elf:1    | Found a runed translucent gate.
 36644 | Elf:1    | Found Rith's Assorted Antiques.
 36861 | Elf:1    | Bought the -2 hat of the Alchemist {rElec rPois rF+ rC+ rN+
                  | Will+ rMut rCorr} for 1180 gold pieces
 36861 | Elf:1    | Found the -2 hat of the Alchemist {rElec rPois rF+ rC+ rN+
                  | Will+ rMut rCorr}
 37644 | Elf:2    | Found Jycunota's Distillery.
 37909 | Elf:2    | Found a crumbling gateway.
 38504 | Elf:2    | Found a runed translucent gate.
 38504 | Elf:2    | Found a runed translucent gate.
 38504 | Elf:2    | Found a runed translucent gate.
 40314 | D:12     | Bought an amulet of regeneration for 420 gold pieces
 40360 | Vaults:1 | Entered Level 1 of the Vaults
 41012 | Vaults:1 | Found Ficef's Assorted Antiques.
 41018 | Vaults:1 | Bought a wand of mindburst (7) for 294 gold pieces
 41031 | Vaults:1 | Reached XP level 20. HP: 140/168 MP: 20/20
 41305 | Vaults:1 | Identified the +5 chain mail of Wrong Decisions {Str+4}
 41688 | Vaults:2 | Identified the +1 leather armour of the Enchanted Forest
                  | {Regen+ Str+3 Int+6}
 41706 | Vaults:2 | Noticed Donald
 41716 | Vaults:2 | Killed Donald
 41883 | Vaults:2 | Found Kicwoz's Distillery.
 42281 | Vaults:2 | Noticed Bai Suzhen
 42283 | Vaults:2 | Noticed Bai Suzhen
 42283 | Vaults:2 | Bai Suzhen changed into Bai Suzhen the iron giant
 42302 | Vaults:2 | Killed Bai Suzhen the iron giant
 42822 | Vaults:2 | Noticed Mennas
 43094 | Vaults:3 | Found a staircase to the Crypt.
 43094 | Vaults:3 | Found an ancient bone altar of Kikubaaqudgha.
 43095 | Vaults:3 | Found a basalt altar of Yredelemnul.
 43169 | Vaults:3 | Reached skill level 10 in Evocations
 44084 | Abyss:3  | Found a corrupted altar of Lugonu.
 44084 | Abyss:3  | Cast into level 3 of the Abyss (vault warden)
 44096 | Abyss:3  | Found a corrupted altar of Lugonu.
 44176 | Abyss:3  | Found a corrupted altar of Lugonu.
 44264 | Abyss:3  | Reached XP level 21. HP: 149/174 MP: 21/21
 44311 | Vaults:3 | Escaped the Abyss
 44576 | Vaults:3 | Found Meitohus's General Store.
 44648 | Vaults:3 | Reached skill level 10 in Dodging
 45351 | Vaults:4 | Identified the +0 robe of Elyvilon's Supremacy {rC+ rN++
                  | Will- Stlth+}
 45375 | Vaults:4 | Reached skill level 16 in Fighting
 45823 | Vaults:4 | Slain by a dire elephant

Illustrated notes

Levels and vault maps discovered:
D:1:      dpeg_arrival_orchard, layout_basic
D:2:      layout_basic, minivault_19, st_stairs_4, minmay_misc_feat_rugged
D:3:      layout_basic, gammafunk_ghost_grave, kennysheep_big_empty_room
D:4:      layout_basic, minitemple, minmay_temple_entry_mist,
          gammafunk_ghost_nasty_kobolds, minmay_rat_hole
D:5:      layout_basic, gup_sewer_entry_glass,
          nicolae_concentric_dashed_squares_wild
D:6:      layout_gridville, st_stairs_12, uniq_pikel
D:7:      layout_loops_ring, mainiacjoe_overflow_large_starburst
D:8:      layout_loops_ring, uniq_maggie
D:9:      layout_rooms, nicolae_overflow_hidden_temple
D:10:     layout_irregular_city, amcnicky_altar_gilded,
          grunt_lair_entry_orc_guard_hut
D:11:     layout_loops_cross, gauntlet_entry_generic
D:12:     layout_gridville, zombieorc1_lemuel, serial_shops, shop, shop,
          nicolae_ru_great_annihilating_truth
D:13:     lemuel_slime, layout_cave_pools, david_vaults_3
D:14:     layout_roguey, nicolae_elevator_lobby_plus, uniq_nessos
D:15:     grunt_enter_depths_magical_seal, layout_basic, special_room
          [special_room_bee], nicolae_qazlal_style_of_elements, uniq_roxanne
Temple:   kb_temple_of_zot
Lair:1:   layout_gridlike, cheibrodos_lair_lostbears, grunt_megastairs_2,
          uniq_harold, uniq_amaemon, uniq_gastronok
Lair:2:   layout_loops_ring, grunt_megastairs_5, serial_bayou_shore_a
Lair:3:   layout_small_grid, swamp_mist, guppyfry_snake_entry_garden
Lair:4:   layout_small_grid, grunt_megastairs_3
Lair:5:   grunt_lair_end_beastmaster, layout_regular_city, slime_entry_1,
          serial_bayou_pond_b, serial_bayou_shore_b
Swamp:1:  layout_falls_marsh, hangedman_swamp_blocks, swamp_pool5,
          infiniplex_staircase_pool_2
Swamp:2:  layout_falls_marsh, evilmike_swamp_ruin_house_2, swamp_pool1,
          nicolae_swamp_little_swirl, infiniplex_staircase_pool, uniq_jorgrun
Swamp:3:  layout_falls_marsh, nicolae_swamp_tree_designs, swamp_pool2,
          nicolae_swamp_frolicking_bunyips, uniq_nikola
Swamp:4:  swamp_basic_johnstein, layout_basic_swamp
Snake:1:  layout_concentric_octagons
Snake:2:  layout_chambers, minmay_shoptagon, uniq_aizul, uniq_vashnia
Snake:3:  layout_onion, serial_bayou, serial_bayou_pond_e, serial_bayou_pond_d,
          serial_bayou_pond_c, serial_bayou_pond_b, nicolae_snake_squiggles,
          nrook_guardian_serpent_ordinary
Snake:4:  grunt_snake_rune_pools, layout_misc_corridors, uniq_louise, uniq_kirke
Orc:1:    layout_caves, gammafunk_ghost_wrathful_warriors
Orc:2:    st_orc_open, layout_caves, nicolae_orc_crystal_geode, uniq_erolcha
Elf:1:    nicolae_elf_arrival_no_cutting_in_line, layout_loops_corners,
          serial_shops, shop_coins, gammafunk_ghost_split, orc_legates,
          item_on_display_a, uniq_asterion
Elf:2:    elven_hall_of_blades_hangedman_original
          [nicolae_blade_entry_floor_patterns], layout_loops_ring, serial_shops,
          shop, portal_desolation_entry_holy_temple
Vaults:1: vaults_mumra_hexcomb, serial_ice_g, nicolae_vaults_network_s,
          hangedman_vaults_maws, hangedman_vaults_stretched_pinwheel,
          vaults_room_corners, vaults_dpeg_diagonal, layout_vaults_big_room,
          serial_shops, nicolae_shop_crystal
Vaults:2: hangedman_vaults_impose, ontoclasm_vaults_gateway, v_alt_pattern_3,
          st_lines, v_misc_5, ontoclasm_vaults_idyll, vaults_room_semicircle,
          v_misc_11, nicolae_vaults_sealed_display, layout_vaults_omnigrid,
          serial_shops, nicolae_shop_behind_doors, uniq_bai_suzhen, uniq_donald,
          uniq_mennas
Vaults:3: mu_enter_wizlab_2, vaults_dpeg_spiral, nicolae_vaults_border_crossing,
          minmay_crypt_entry_necro_gods, nicolae_vaults_little_squares_3,
          v_misc_10, nicolae_vaults_what_the_h, v_alt_pattern_2,
          nicolae_vaults_big_angled_halls, v_misc_33, vaults_room_hallway,
          nicolae_vaults_angled_halls, vaults_mumra_hex, kb_rosetta,
          vaults_dpeg_ring, nicolae_vaults_angled_halls,
          grunt_vaults_hallway_long, layout_vaults_omnibox, serial_shops,
          shop_fountains
Vaults:4: v_pattern_5, dpeg_vaults_monster_row, ontoclasm_vaults_ring_square,
          hangedman_vaults_variations, v_misc_30, hangedman_vaults_pinch,
          vaults_room_door_hall, nicolae_vaults_holding_cells,
          grunt_vaults_focal, vaults_room_semicircle, layout_vaults_omnicross,
          nicolae_trove_entry_isolated

Skill      XL: |  1  2  3  4  5  6  7  8  9 10 11 12 13 14 15 16 17 18 19 20 21 |
---------------+----------------------------------------------------------------+-----
Fighting       | 4 5 6 8 9 10 11 13 14 15 16 | 16.1
Axes           | 5 9 11 13 15 | 15.0
Throwing       | 1 6 8 10 12 13 | 13.1
Armour         | 1 4 6 9 11 13 14 | 14.4
Evocations     | 1 3 6 7 9 11 | 11.1
Dodging        | 3 4 5 6 8 9 10 | 10.0
Shields        | 6 7 9 11 13 14 | 14.4
Polearms       | |  2.4
Stealth        | |  1.5

Action                   |  1- 3 |  4- 6 |  7- 9 | 10-12 | 13-15 | 16-18 | 19-21 || total
-------------------------+-------+-------+-------+-------+-------+-------+-------++-------
Melee: Spear             |   153 |    21 |       |       |       |       |       ||   174
       Quarterstaff      |       |   185 |    20 |       |       |       |       ||   205
       Battleaxe         |       |       |   220 |   455 |   207 |       |       ||   882
       Demon whip        |       |       |       |     2 |    10 |    67 |       ||    79
       Broad axe         |       |       |       |       |   738 |  1163 |  1146 ||  3047
       Punch             |       |       |       |       |     1 |       |       ||     1
Throw: Stone             |    16 |    24 |     4 |       |    51 |   115 |    20 ||   230
       Dart              |       |     6 |       |    47 |   169 |    11 |    74 ||   307
       Throwing net      |       |       |     4 |     3 |       |     5 |     1 ||    13
       Boomerang         |       |       |     5 |    25 |   188 |   252 |   121 ||   591
       Javelin           |       |       |       |     4 |    22 |    12 |    31 ||    69
Invok: Curse Item        |       |     2 |     2 |     6 |     2 |     2 |     2 ||    16
       Shatter the Chain |       |       |     1 |     1 |     4 |     3 |     1 ||    10
Evoke: Wand              |       |    10 |    13 |    39 |    25 |    22 |    47 ||   156
       Tin of tremorston |       |       |       |     2 |     9 |     8 |    12 ||    31
       Phantom mirror    |       |       |       |       |     2 |     7 |     9 ||    18
       Box of beasts     |       |       |       |       |       |       |     3 ||     3
       Condenser vane    |       |       |       |       |       |       |     1 ||     1
  Use: Scroll            |     1 |    12 |     4 |    11 |    10 |    14 |    22 ||    74
 Stab: Sleeping          |     2 |       |     3 |     1 |       |       |       ||     6
       Paralysed         |       |    11 |     5 |     2 |    28 |       |    21 ||    67
       Held in net/web   |       |       |     2 |       |       |     6 |       ||     8
       Petrified         |       |       |       |       |    11 |       |       ||    11
       Distracted        |       |       |       |       |       |     2 |     2 ||     4
       Confused          |       |       |       |       |       |     1 |       ||     1
       Invisible         |       |       |       |       |       |     1 |       ||     1
Armor: Ring mail         |    52 |    99 |    71 |    20 |       |       |       ||   242
       Steam dragon scal |       |       |       |    29 |       |       |       ||    29
       Plate armour      |       |       |       |   160 |   480 |   637 |   429 ||  1706
Dodge: Dodged            |    61 |   132 |   184 |   318 |   365 |   520 |   336 ||  1916
       Repelled          |       |       |       |     3 |     5 |    43 |    16 ||    67
Block: Buckler           |       |       |       |       |   271 |       |       ||   271
       Kite shield       |       |       |       |       |    88 |   842 |   734 ||  1664
       Reflection        |       |       |       |       |     9 |    52 |       ||    61
